 Dungeon Crawl Stone Soup version 0.21-a0-156-g77413b7 (webtiles) character file.

11 namelastname112 the Magician (level 2, -2/25 HPs)
             Began as a Draconian Wanderer on Aug 3, 2017.
             Slain by a worm (9 damage)
             ... on level 1 of the Dungeon.
             The game lasted 00:01:07 (372 turns).

namelastname112 the Magician (Draconian Wanderer)    Turns: 372, Time: 00:01:07

Health: -2/25      AC:  4    Str: 16    XL:     2   Next: 17%
Magic:  6/6        EV: 11    Int: 11    God:
Gold:   9          SH:  0    Dex:  9    Spells: 7/7 levels left

rFire    . . .     SeeInvis .   g - +0 dagger
rCold    . . .     Gourm    .   (no shield)
rNeg     . . .     Faith    .   (armour unavailable)
rPois    .         Spirit   .   (helmet restricted)
rElec    .         Reflect  .   (no cloak)
rCorr    .         Harm     .   (no gloves)
MR       .....                  (no boots)
Stlth    +.........             (no amulet)
HPRegen  0.08/turn              (no ring)
MPRegen  0.10/turn              (no ring)

@: no status effects
A: unfitting armour, cold-blooded, AC +4
a: no special abilities


You were on level 1 of the Dungeon.
You were not hungry.

You visited 1 branch of the dungeon, and saw 1 of its levels.

You collected 9 gold pieces.

Inventory:

Hand Weapons
 g - a +0 dagger (weapon)
Armour
 c - a +0 buckler
Scrolls
 e - a scroll of teleportation {unknown}
 h - a scroll of random uselessness {unknown}
Potions
 d - a potion of mutation {unknown}
Books
 a - a book of Minor Magic

   Spells                             Type                      Level
   a - Magic Dart                     Conjuration                  1
   b - Blink                          Translocation                2
   c - Call Imp                       Summoning                    2
   d - Slow                           Hexes                        2
   e - Conjure Flame                  Conjuration/Fire             3
   f - Mephitic Cloud                 Conjuration/Poison/Air       3
 b - the Volume of Poison

   Spells                             Type                      Level
   a - Sting                          Conjuration/Poison           1
   b - Spider Form                    Transmutation/Poison         3
Comestibles
 f - a bread ration
 i - a chunk of flesh


   Skills:
 + Level 2.6 Fighting
   Level 1.0 Crossbows
 + Level 1.4 Shields
 + Level 3.1 Spellcasting
   Level 2.0 Necromancy
   Level 1.0 Evocations


You had 7 spell levels left.
You didn't know any spells.

Dungeon Overview and Level Annotations

Branches:
Dungeon (1/15)

Altars:


Innate Abilities, Weirdness & Mutations

Your plain brown scales are hard. (AC +4)
You cannot fit into any form of body armour.
You are cold-blooded and may be slowed by cold attacks.


Message History

You hit the worm but do no damage.
The worm is moderately wounded.
The worm barely misses you.
You hit the worm.
The worm is moderately wounded.
You hit the worm.
The worm is heavily wounded.
The worm bites you!
* * * LOW HITPOINT WARNING * * *
You are too injured to fight recklessly!
You are too injured to fight recklessly!
You are too injured to fight recklessly!
You take 8 damage, and have 7/25 hp.
MASSIVE DAMAGE!!
You are too injured to fight recklessly!
You hit the worm but do no damage.
The worm is heavily wounded.
You hit the worm but do no damage.
The worm is heavily wounded.
The worm bites you!
You die...

.## #.....# .# #.#####
.# #.# ♣♣♣♣♣ .# #.#
♣?..###########...###
#P..... #####
#'''#########♣.♣...
#P##...##.♣♣P.P♣......
#♣.....P..........P...
#P......).............
#...♣................≈
#...................≈≈
#≈≈...≈≈..≈≈..≈..≈.≈≈≈


You could see a worm.

Vanquished Creatures
  A dart slug (D:1)
  A leopard gecko (D:1)
  A ball python (D:1)
  A giant cockroach (D:1)
  A goblin (D:1)
  A hobgoblin (D:1)
  A bat (D:1)
  A frilled lizard (D:1)
8 creatures vanquished.

Notes
Turn   | Place    | Note
-------+----------+-------------------------------------------
     0 | D:1      | namelastname112 the Draconian Wanderer began the quest for the Orb.
     0 | D:1      | namelastname112 set off with: a book of Minor Magic, the Volume of Poison, a +0 buckler, a +0 club, a bread ration
     0 | D:1      | Reached XP level 1. HP: 17/17 MP: 4/4
     0 | D:1      | Identified the Volume of Poison
    58 | D:1      | p0werm0de: go DrCK!
    68 | D:1      | p0werm0de: its betterr
   108 | D:1      | Reached XP level 2. HP: 16/25 MP: 6/6
   109 | D:1      | namelastname112: maybe wll
   109 | D:1      | namelastname112: i will*
   372 | D:1      | Slain by a worm

Vault maps used:
D:1:      kennysheep_arrival_seaside, minmay_misc_feat_four_crosses,
          kennysheep_another_room, minmay_misc_feat_hallway,
          hangedman_feature_mirror, st_stairs_9, serial_park_tiny_pond

Action                   || total
-------------------------++-------
Melee: Unarmed           ||    21
       Tailslap          ||     5
       Dagger            ||    23
Armor: Skin              ||    12
Dodge: Dodged            ||    22
